groovejumper, neutral female human Wizard | .. % ####### # ## -M--------- |@.[...)..|# |...f.<...|% |..........# ----------- groovejumper the Thaumaturge Experience level: 9 Strength: 12 Dexterity: 11 Constitution: 16 Intelligence: 18 Wisdom: 15 Charisma: 11 Health: 0(66) Energy: 37(104) AC: 8 Gold: 31 Moves: 6265 Your Inventory: Coins $ - 31 gold pieces Weapons a - a blessed +1 quarterstaff (weapon in hands) n - an [uncursed +0] knife t - 11 [uncursed +4] darts u - 24 [uncursed +0] darts y - a [cursed -1] crude dagger of fire [orcish] (in quiver) Armor J - an [uncursed] +0 leather armor (being worn) Spellbooks i - an [uncursed] spellbook of healing Potions I - an [uncursed] clear potion [of water] Rings G - an uncursed ring of conflict Wands N - an uncursed wand of magic missile (0:6) Tools b - an [uncursed] sack w - an [uncursed] tin whistle B - an [uncursed] towel Contents of the sack: 1124 gold pieces an [uncursed] carrot 3 [uncursed] food rations an [uncursed] fortune cookie 2 [uncursed] lembas wafers 2 [uncursed] sprigs of wolfsbane an [uncursed] tin [of little dog meat] an [uncursed] tripe ration a [cursed] scroll called earth [of earth] an [uncursed] scroll called earth [of earth] an [uncursed] scroll labeled KIRJE [of enchant weapon] 2 [uncursed] scrolls labeled KO BATE [of teleportation] an uncursed scroll of light a blessed scroll of magic mapping 2 uncursed scrolls of scare monster an [uncursed] unlabeled scroll [of blank paper] 3 uncursed clear potions [of water] a [cursed] clear potion [of unholy water] an uncursed potion of gain energy an uncursed +1 ring of adornment an uncursed ring of fire resistance an uncursed +1 ring of gain constitution an uncursed +1 ring of gain intelligence an uncursed +3 ring of gain strength a cursed -6 ring of increase damage an uncursed ring of invisibility an uncursed +1 ring of protection a cursed ring of teleport control an [uncursed] iridium wand [of undead turning (0:4)] an [uncursed] quartz wand [of secret door detection (0:14)] an uncursed wand of create monster (0:11) a cursed wand of light (0:13) an uncursed wand of lightning (0:6) an [uncursed] wand of magic missile [0:8] an uncursed wand of polymorph (0:8) an uncursed wand of slow monster (0:4) an [uncursed] wand of striking [0:4] an [uncursed oil] lamp Spells known in the end: Name Level Category Fail Memory a - force bolt 1 attack 0% [||||||..] b - detect monsters 1 divination 0% [||||||..] c - healing 1 healing 0% [||||||||] Your skills at the end: Fighting Skills Weapon Skills quarterstaff [Basic / Expert] Spellcasting Skills attack spells [Skilled / Expert] enchantment spells [Basic / Skilled] Final Attributes: You were piously aligned. Hunger level was 580. Your alignment was 41 / 41. Monster difficulty range was 1 - 8. Level difficulty was 8. Your luck was zero. You are dead. Vanquished creatures: 2 giant mimics an ettin mummy a large dog a leather golem a lynx a spotted jelly 3 leprechauns a lizard a snake 2 Woodland-elves an imp a wood nymph a rock piercer an enormous rat 2 rock moles a fog cloud a yellow light a shrieker 3 gnome lords a kobold mummy a black naga hatchling a golden naga hatchling 2 gray oozes 8 elf zombies a paper golem a baby crocodile 2 floating eyes a homunculus 2 kobold shamans 3 hill orcs a rothe a rabid rat a centipede 2 giant bats a monkey 2 wererats a werejackal 3 iguanas 8 killer bees a coyote 3 hobbits 3 large kobolds a hobgoblin 5 giant rats 6 cave spiders 3 yellow molds 3 gnomes 9 garter snakes 2 gnome zombies 5 geckos 5 jackals 2 foxes 3 kobolds 3 goblins a sewer rat 12 grid bugs 2 bats a lichen a kobold zombie 6 newts 146 creatures vanquished. Voluntary challenges: You used a wielded weapon 113 times. You read items or engraved 18 times. You put on armor 2 times. You never genocided any monsters. You never polymorphed an object. You never changed form. You used no wishes. You wrote Elbereth's name 8 times. You encountered 1 bones level. You used 2 Sokoban shortcuts. Dungeon overview: The Dungeons of Doom: levels 1 to 8 Level 1 a long staircase Level 3 stairs to The Gnomish Mines Level 5 a fountain Level 6 many fountains Level 7 a fountain stairs to Sokoban Level 8 <- You were here The Gnomish Mines: Level 4 stairs to The Dungeons of Doom Sokoban: levels 4 to 6 Level 6 a magic chest stairs to The Dungeons of Doom History has recorded: On T:1 you entered the Dungeons of Doom to retrieve the Amulet of Yendor! On T:315 you reached level 2 of The Dungeons of Doom. On T:424 you advanced to experience level 2. On T:729 you reached level 3 of The Dungeons of Doom. On T:789 you advanced to experience level 3. On T:985 you reached level 1 of The Gnomish Mines. On T:993 you advanced to experience level 4. On T:1050 you advanced to experience level 5. On T:1182 you reached level 4 of The Dungeons of Doom. On T:1462 you reached level 5 of The Dungeons of Doom. On T:1491 you advanced to experience level 6. On T:1866 you reached level 6 of The Dungeons of Doom. On T:1991 you received advice from The Oracle. On T:2152 you advanced to experience level 7. On T:2277 you reached level 7 of The Dungeons of Doom. On T:2582 you advanced to experience level 8. On T:2634 you reached level 3 of Sokoban. On T:3819 you reached level 2 of Sokoban. On T:4265 you reached level 1 of Sokoban. On T:5917 you reached level 8 of The Dungeons of Doom. On T:5939 you advanced to experience level 9. Latest messages: [HP+1=32] Taro picks up a mummy wrapping. [HP+1=33] Taro drops a mummy wrapping. You see a door open. You stop waiting. [38 turns] You miss VANDDFFN nn. VANDDFFN nn hits! (2x) [HP-10=23] The spell misses VANDDFFN nn. VANDDFFN nn hits! (2x) [HP-10=13] You miss VANDDFFN nn. VANDDFFN nn hits! (2x) [HP-11=2] You add "Elbereth" with your fingers to the writing in the dust. VANDDFFN nn hits! You die... Your body rises from the dead as a human mummy... Final status: Goodbye groovejumper the Wizard... You died in The Dungeons of Doom on dungeon level 8 with 6738 points, and 1155 pieces of gold, after 6265 moves. You were level 9 with a maximum of 66 hit points when you died.